 Dungeon Crawl Stone Soup version 0.29-a0-330-g52719c12eb (webtiles) character file.

Game seed: 15017942838870919079

3 SoManyFrogs the Ruffian (level 1, 0/16 HPs)
             Began as a Draconian Transmuter on Apr 21, 2022.
             Slain by a quokka (1 damage)
             ... on level 1 of the Dungeon.
             The game lasted 00:03:24 (77 turns).

SoManyFrogs the Ruffian (Draconian Transmuter)        Turns: 77, Time: 00:03:25

Health: 0/16       AC:  4    Str: 12    XL:     1   Next: 41%
Magic:  2/3        EV: 12    Int: 13    God:
Gold:   0          SH:  0    Dex: 11    Spells: 3/4 levels left

rFire   . . .      SeeInvis .     - Unarmed
rCold   . . .      Faith    .   (no shield)
rNeg    . . .      Spirit   .   (body armour unavailable)
rPois   .          Reflect  .   (helmet currently unavailable)
rElec   .          Harm     .   (no cloak)
rCorr   .          Rampage  .   (no gloves)
Will    .....                   (boots currently unavailable)
Stlth   +.........              (no amulet)
HPRegen 0.05/turn               (no ring)
MPRegen 0.08/turn               (no ring)

@: appendages (expiring)
A: horns 2, talons 2, AC +4, unfitting armour, cold-blooded
a: End Transformation


You were on level 1 of the Dungeon.
You had temporarily grown beastly horns and talons.
You visited 1 branch of the dungeon, and saw 1 of its levels.

Inventory:

Scrolls
 b - a scroll of identify {unknown}
Potions
 a - a potion of lignification


   Skills:
 + Level 1.1 Fighting
 + Level 1.8 Dodging
 + Level 3.1 Unarmed Combat
 + Level 2.0 Spellcasting
 + Level 2.0 Transmutations


You had 3 spell levels left.
You knew the following spells:

 Your Spells              Type           Power      Damage    Failure   Level
a - Beastly Appendage     Tmut           12%        N/A       11%         1

Your spell library contained the following spells:

 Spells                   Type           Power      Damage    Failure   Level
 Wereblood                Tmut           6%         N/A       16%         2
 Spider Form              Tmut/Pois      4%         N/A       45%         3
 Ice Form                 Ice/Tmut       4%         N/A       86%         4


Dungeon Overview and Level Annotations

Branches:
Dungeon (1/15)

Altars:


Innate Abilities, Weirdness & Mutations

You have temporarily grown beastly horns and talons.
Your plain brown scales are hard. (AC +4)
You cannot fit into any form of body armour.
You are cold-blooded and may be slowed by cold attacks.


Message History

The kobold throws a stone.
The stone barely misses you.
Found a pair of boots.
A bat comes into view.
A quokka comes into view.
The kobold throws a stone.
The stone barely misses you.
The goblin hits you with a +2 dagger of freezing.
The goblin freezes you.
The bat moves out of view.
You hit the goblin but do no damage. You barely miss the goblin.
Your punch misses the goblin. The goblin misses you.
You hit the rat.
You kill the rat!
Your transformation is almost over.
The goblin hits you with a +2 dagger of freezing.
The goblin freezes you. The bat hits you but does no damage.
You hit the bat.
Your tail-slap misses the bat.
The bat is heavily wounded.
The bat completely misses you.
The goblin hits you with a +2 dagger of freezing.
You feel yourself slow down. The goblin freezes you.
You hit the goblin.
You kill the goblin!
The bat barely misses you.
The quokka bites you but does no damage.
The bat closely misses you.
The quokka bites you but does no damage.
You miss the quokka. Your kick misses the quokka.
You feel yourself speed up. The bat hits you but does no damage.
The quokka bites you. The quokka misses you. The goblin barely misses you.
You closely miss the quokka. You claw the quokka, but do no damage.
The quokka bites you.
* * * LOW HITPOINT WARNING * * *
The quokka misses you. The goblin hits you with a +0 club.
* * * LOW HITPOINT WARNING * * *
You closely miss the quokka.
Your tail-slap misses the quokka.
The quokka closely misses you. The quokka bites you.
* * * LOW HITPOINT WARNING * * *
The goblin barely misses you. The quokka barely misses you.
The quokka bites you.
You die...

.###.#. .......
....... #
....... .###
....... ...
....... ..#
......r###.###.r
.....#)@gK......
........r.......
......#.#######.
......#.# ..[.#
#.### ..#. #...#
. # ###.# ###.#
#...#


You could see 2 quokkas, a goblin and a kobold.

Vanquished Creatures
  A goblin (D:1)
  A hobgoblin (D:1)
  A rat (D:1)
3 creatures vanquished.

Notes
Turn   | Place    | Note
-------+----------+-------------------------------------------
     0 | D:1      | SoManyFrogs the Draconian Transmuter began the quest for
                  | the Orb.
     0 | D:1      | Reached XP level 1. HP: 16/16 MP: 3/3
    77 | D:1      | Slain by a quokka

Illustrated notes

Levels and vault maps discovered:
D:1:      dpeg_arrival_brainrot, layout_loops_ring

Action                   || total
-------------------------++-------
Melee: Unarmed           ||    10
       Kick              ||     1
 Cast: Beastly Appendage ||     1
Armor: Skin              ||     5
Dodge: Dodged            ||    12

Table legend: (Time is in decaauts)
 A = Elapsed time spent in this place.
 B = Non-inter-level travel time spent in this place.
 C = Inter-level travel time spent in this place.
 D = Time resting spent in this place.
 E = Time spent auto-exploring this place.
 F = Levels seen in this place.
 G = Mean time per level.
                   A        B        C        D        E       F      G
               +--------+--------+--------+--------+--------+-----+--------+
         Total |     77 |     77 |      0 |      0 |     62 |   1 |   77.0 |
       Dungeon |     77 |     77 |      0 |      0 |     62 |   1 |   77.0 |
               +--------+--------+--------+--------+--------+-----+--------+

Top non-repeatable levels by time:
     D:1: 77 daAuts
